 Dungeon Crawl Stone Soup version 0.31.0-2-g5a2aebc5c2 (webtiles) character file.

Game seed: 9761045596809724278

60 gelatine the Trooper (level 3, -3/29 HPs)
             Began as a Demonspawn Fighter on Jan 20, 2024.
             Slain by Terence
             ... wielding a +0 mace
              (5 damage)
             ... on level 3 of the Dungeon.
             The game lasted 00:02:08 (1534 turns).

gelatine the Trooper (Demonspawn Fighter)           Turns: 1534, Time: 00:02:09

Health: -3/29      AC:  6    Str: 18    XL:     3   Next: 80%
Magic:  3/3        EV: 11    Int:  8    God:
Gold:   117        SH:  4    Dex: 12    Spells: 2/2 levels left

rFire   . . .        a - +0 war axe
rCold   . . .        c - +0 buckler
rNeg    . . .        b - +0 scale mail
rPois   .            (no helmet)
rElec   .            (no cloak)
rCorr   .            (no gloves)
SInv    .            (no boots)
Will    .....        (no amulet) Stlth
                     (no ring)
HPRegen 0.24/turn    (no ring)
MPRegen 0.08/turn

%: no passive effects
@: no status effects
A: hooves 1, repulsion field 1
a: no special abilities


You were on level 3 of the Dungeon.
You visited 1 branch of the dungeon, and saw 3 of its levels.

You collected 117 gold pieces.

Inventory:

Hand Weapons
 a - a +0 war axe (weapon)
Armour
 b - a +0 scale mail (worn)
 c - a +0 buckler (worn)
Scrolls
 e - a scroll of identify {unknown}
 h - 2 scrolls of summoning {unknown}
 i - a scroll of revelation {unknown}
 j - a scroll of poison {unknown}
 m - a scroll of enchant weapon {unknown}
Potions
 d - a potion of might
 f - 2 potions of attraction {unknown}
 g - a potion of heal wounds {unknown}
 k - 2 potions of degeneration {unknown}
 l - a potion of invisibility {unknown}
 n - 2 potions of mutation {unknown}
 o - a potion of ambrosia {unknown}


   Skills:
 + Level 3.5 Fighting
 + Level 2.8 Axes
 + Level 3.0 Armour
 + Level 2.9 Shields


You had 2 spell levels left.
You didn't know any spells.
Your spell library contained the following spells:

 Spells                   Type           Power      Damage    Failure   Level
 Sculpt Simulacrum        Ice/Alch       0%         N/A       100%        6
 Ozocubu's Refrigeration  Ice            0%         4d7       100%        7
 Polar Vortex             Ice            0%         N/A       100%        9


Dungeon Overview and Level Annotations

Branches:
Dungeon (3/15)

Altars:

Annotations:
D:3 Terence


Innate Abilities, Weirdness & Mutations

You have large cloven feet.
You are surrounded by a mild repulsion field. (EV +2)


Message History

You closely miss Terence.
Terence is moderately wounded.
Terence hits you with a +0 mace. x2
You closely miss Terence. Your kick misses Terence.
Terence is moderately wounded.
Terence hits you with a +0 mace.
You hit Terence. You kick Terence.
Terence is heavily wounded.
Terence barely misses you.
A hobgoblin comes into view.
You block Terence's attack.
You closely miss Terence. You kick Terence.
Terence is severely wounded.
Terence hits you with a +0 mace.
You hit Terence but do no damage. You kick Terence, but do no damage.
Terence is severely wounded.
You block Terence's attack.
You hit Terence but do no damage.
Terence is severely wounded.
Terence hits you with a +0 mace. x2
* * * LOW HITPOINT WARNING * * *
You hit Terence.
Terence is severely wounded.
Terence misses you.
You hit Terence but do no damage.
Terence is severely wounded.
You slash the hobgoblin!
You kill the hobgoblin!
Terence hits you with a +0 mace.
* * * LOW HITPOINT WARNING * * *
Terence closely misses you.
You hit Terence but do no damage. You kick Terence, but do no damage.
Terence is severely wounded.
You block Terence's attack.
Unknown command.
You hit Terence but do no damage.
Terence is severely wounded.
Terence hits you with a +0 mace.
You die...
Terence says, "Time to find some more victims."

.. #. .####.
......####
#.......#
#.......#
##.....).#
......†@.#
##......@#
#.............#
#........#.....
########.# ...#
.# #.# .# # ..
..


You could see Terence.

Vanquished Creatures
  3 adders (D:2)
  A ribbon worm (D:2)
  4 ball pythons
  5 endoplasms
  2 giant cockroaches
  A goblin (D:1)
  5 hobgoblins
  2 kobolds
  A quokka (D:1)
  2 bats (D:1)
  2 frilled lizards (D:1)
  A rat (D:1)
29 creatures vanquished.

Notes
Turn   | Place    | Note
-------+----------+-------------------------------------------
     0 | D:1      | gelatine the Demonspawn Fighter began the quest for the
                  | Orb.
     0 | D:1      | Reached XP level 1. HP: 18/18 MP: 1/1
    25 | D:1      | Found a faded altar of an unknown god.
   113 | D:1      | Gained mutation: You are surrounded by a mild repulsion
                  | field. (EV +2) [demonic ancestry]
   113 | D:1      | Reached XP level 2. HP: 17/24 MP: 2/2
   844 | D:2      | Gained mutation: You have large cloven feet. [demonic
                  | ancestry]
   844 | D:2      | Reached XP level 3. HP: 28/29 MP: 3/3
  1518 | D:3      | Noticed Terence
  1532 | D:3      | HP: 1/29 [Terence/+0 mace (6)]
  1534 | D:3      | Slain by Terence

Illustrated notes

Levels and vault maps discovered:
D:1:      ncdulo_lavacross, layout_loops_ring,
          hellmonk_ecumenical_altar_slurped_away, chequers_big_river,
          dreamdust_wishing_well, minmay_misc_feat_doors
D:2:      layout_basic, grunt_decor_junction, corexii_leaking_fountain
D:3:      layout_loops_cross, uniq_terence

Skill      XL: |  1  2 |
---------------+-------+-----
Axes           | 2 |  2.8
Armour         | 3 |  3.0
Fighting       | |  3.5
Shields        | |  2.9

Action                     || total
---------------------------++-------
  Melee: War axe           ||    95
         Kick              ||     8
 Armour: Scale mail        ||    58
  Dodge: Dodged            ||    45
  Block: Buckler           ||    17
